 Dungeon Crawl Stone Soup version 0.31.0-9-g3a7656b989 (webtiles) character file.

Game seed: 382738560366161234

67426 Kenran the Severer (level 15, -9/99 HPs)
             Began as a Gargoyle Fighter on Jan 28, 2024.
             Was a High Priest of Trog.
             Mangled by an enormous slime creature (61 damage)
             ... on level 14 of the Dungeon.
             The game lasted 00:32:01 (16699 turns).

Kenran the Severer (Gargoyle Fighter)              Turns: 16699, Time: 00:32:01

Health: -9/99      AC: 36    Str: 26    XL:     15   Next: 23%
Magic:  15/15      EV: 11    Int: 10    God:    Trog [*****.]
Gold:   1427       SH:  9    Dex:  9    Spells: 14/14 levels left

rFire   . . .        C - +0 broad axe (heavy)
rCold   + + .        Q - +0 kite shield
rNeg    + . .        I - +2 plate armour {rC+}
rPois   ∞            (no helmet)
rElec   +            v - +2 cloak {Stlth+}
rCorr   .            z - +0 pair of gloves
SInv    +            d - +2 pair of slick slippers {slick, slippery, EV+4}
Will    +....        l - amulet of regeneration Stlth
                     f - ring of protection from cold
HPRegen 1.16/turn    y - ring of see invisible
MPRegen 0.14/turn

%: no passive effects
@: flying, studying Maces & Flails
A: sickness immunity, AC +11, big wings, negative energy resistance 1,
electricity resistance, torment resistance 1, petrification resistance
a: Renounce Religion, Berserk, Trog's Hand, Brothers in Arms


You were on level 14 of the Dungeon.
You worshipped Trog.
Trog was extremely pleased with you.
You visited 2 branches of the dungeon, and saw 19 of its levels.
You also visited: Gauntlet.

You collected 1706 gold pieces.
You spent 279 gold pieces at shops.

Inventory:

Hand Weapons
 a - a +3 war axe of protection
 b - a +2 short sword of electrocution
 C - a +0 heavy broad axe (weapon)
 T - a +3 executioner's axe
Missiles
 M - 2 throwing nets (quivered)
Armour
 d - the +2 pair of slick slippers (worn) {slick, slippery, EV+4}
   (You acquired it on level 6 of the Dungeon)

   Slick:     Its wearer cannot be constricted, engulfed, netted or webbed.
   Slippery:  Its wearer slips away from damaging melee attacks, pulling the
   attacker onward.
   EV+4:      It affects your evasion (+4).
 v - a +2 cloak of stealth (worn)
 z - a +0 pair of gloves (worn)
 I - a +2 plate armour of cold resistance (worn)
 Q - a +0 kite shield (worn)
Jewellery
 f - a ring of protection from cold (left hand)
 l - an amulet of regeneration (around neck)
 y - a ring of see invisible (right hand)
 P - a ring of fire
Wands
 s - a wand of paralysis (9)
 u - a wand of flame (12)
 w - a wand of mindburst (22)
 F - a wand of digging (7)
 R - a wand of iceblast (3)
 V - a wand of acid (3)
Scrolls
 c - a scroll of fog
 e - 4 scrolls of enchant armour
 j - 7 scrolls of teleportation
 o - a scroll of fear
 p - 4 scrolls of noise {unknown}
 q - 3 scrolls of immolation {!r}
 r - 5 scrolls of enchant weapon
 A - a scroll of revelation
 B - a scroll of brand weapon
 E - 3 scrolls of blinking
 L - 2 scrolls of butterflies {unknown}
 N - 3 scrolls of poison {unknown}
Potions
 g - 5 potions of might
 h - 4 potions of cancellation
 i - 2 potions of resistance
 k - 7 potions of curing {@q1}
 m - 3 potions of ambrosia {unknown}
 n - 4 potions of enlightenment {unknown}
 t - a potion of berserk rage {!q}
 x - 3 potions of lignification {!q}
 D - 3 potions of heal wounds {@q2}
 H - 5 potions of mutation {unknown}
 J - 2 potions of magic
 K - 3 potions of haste {unknown}
 O - a potion of attraction {!q}
 S - a potion of brilliance {unknown}
Miscellaneous
 G - a box of beasts (inert)
 U - a condenser vane


   Skills:
 + Level 13.5 Fighting
 * Level 17.4 Axes
 + Level 12.5 Armour
 - Level 6.0 Shields
 + Level 7.5 Evocations


You had 14 spell levels left.
You didn't know any spells.
Your spell library contained the following spells:

 Spells                   Type           Power      Damage    Failure   Level
 Foxfire                  Conj/Fire      0%         2x1d4     99%         1
 Plasma Beam              Fire/Air       0%         2x1d10    100%        6
 Starburst                Conj/Fire      0%         6d3       100%        6


Dungeon Overview and Level Annotations

Branches:
Dungeon (14/15)            Temple (0/1) D:7            Lair (5/5) D:9
  Swamp (0/4) Lair:2        Snake (0/4) Lair:2        Slime (0/5) Lair:5
    Orc (0/2) D:12         Vaults (0/5) D:13        Gauntlet (visited)

Altars:
Ashenzari
Cheibriados
Elyvilon
Gozag
Hepliaklqana
Kikubaaqudgha
Okawaru
Ru
Sif Muna
Trog
Wu Jian
Xom
Yredelemnul
Zin
Jiyva

Shops:
D:2 :   D:6 [   D:12 (

Annotations:
D:3 1 runed translucent door, Crazy Yiuf
D:4 2 transporters, HannaPanda's ghost, novice HOFi
D:8 4 transporters
D:10 1 runed translucent door, lilalause's ghost, journeyman HOMo


Innate Abilities, Weirdness & Mutations

You are immune to sickness and miasma.
Your stone body is resilient. (AC +11)
You are immune to poison.
Your large and strong wings let you fly.
You resist negative energy. (rN+)
You are resistant to electric shocks. (rElec)
You are resistant to unholy torment.
You are immune to petrification.


Message History

The slime creature closely misses you. x2
You slash the slime creature!
The slime creature is lightly wounded.
You hit the slime creature. The slime creature closely misses you.
The slime creature hits you.
Two slime creatures merge to form a large slime creature.
You slice the large slime creature!!
The large slime creature is lightly wounded.
You hit the slime creature. The slime creature hits you!
You slip backwards!
You slash the slime creature!
The slime creature is heavily wounded.
Two slime creatures merge to form a very large slime creature.
You slice the very large slime creature!!
The very large slime creature is moderately wounded.
You hit the very large slime creature.
The very large slime creature is heavily wounded.
The very large slime creature hits you.
You slip backwards!
The very large slime creature closely misses you.
You open the very large slime creature like a pillowcase!!!
The very large slime creature is severely wounded.
Two slime creatures merge to form an enormous slime creature.
You slash the enormous slime creature!
The enormous slime creature is heavily wounded.
You cut the enormous slime creature into ribbons!!!
The enormous slime creature is severely wounded.
You block the enormous slime creature's attack.
You barely miss the enormous slime creature.
The enormous slime creature is severely wounded.
The enormous slime creature closely misses you.
You hit the enormous slime creature.
The enormous slime creature is severely wounded.
The enormous slime creature hits you!!!
You slip backwards!
You are too injured to fight recklessly!
You are too injured to fight recklessly!
You slash the enormous slime creature!
The enormous slime creature is severely wounded.
You block the enormous slime creature's attack.
The enormous slime creature hits you!!!
Ouch! That really hurt!
You die...

###...######.##. ...# . ##.
.............##. ...##.. #.
................#..... #.
.............###.... ###.
##.....#####......# #...
#.......# #.# #.#. #.......# #.#
#.#. #.......# #J# #.## ##.....##
#@# ######## #.## ##...## #.#
#......####... ####.#### #.#
#.####.##....[ #.......#
#.###.####.##.###.
...#.##.########.............# #<
......#.##......####.####.##.###.
.....##.##.####.# #.####.##.....
.........#.####.# #.>....#######
#.............#.# ########


You could see an enormous slime creature.

Vanquished Creatures
  Kirke (D:12)
  A vault guard (D:13)
  A rakshasa (D:14)
  Harold (D:11)
  2 hydras
  2 centaur warriors
  3 catoblepae (Lair:5)
  16 death yaks
  2 two-headed ogres
  2 tengu warriors
  A boulder beetle (D:12)
  Sonja (D:13)
  A skeletal warrior (D:13)
  A skyshark (Lair:5)
  2 arcanists (D:13)
  2 bog bodies (Lair:2)
  An orc knight (D:13)
  A deep elf pyromancer (D:13)
  A cyclops (D:13)
  6 ugly things
  3 will-o-the-wisps (D:14)
  13 elephants
  4 manticores
  10 slime creatures
  A black mamba (Lair:1)
  A gargoyle (D:12)
  11 cane toads
  An unseen horror (D:10)
  10 komodo dragons
  2 tengu conjurers (D:14)
  An efreet (D:14)
  11 blink frogs (Lair:3)
  A polar bear (shapeshifter) (D:13)
  A polar bear (Lair:3)
  2 trolls
  A hornet (D:8)
  A shadow (D:11)
  49 yaks
  4 wyverns
  3 wraiths
  2 humans (D:10)
  7 basilisks
  7 hogs (D:12)
  A steam dragon (Lair:3)
  11 vampire mosquitoes
  Menkaure (D:7)
  4 acid dragons
  A naga (Lair:2)
  14 water moccasins
  6 black bears
  A swamp drake (D:14)
  5 orc warriors
  A sky beast (D:7)
  3 ogres
  21 wolves
  10 centaurs
  13 bullfrogs
  A gnoll sergeant (D:13)
  A wyvern zombie (D:8)
  3 necrophages (D:8)
  3 scorpions
  A burial acolyte (D:5)
  10 wights
  11 killer bees
  8 howler monkeys
  A vampire bat (Lair:3)
  2 electric eels (Lair:2)
  4 bombardier beetles
  3 centaur zombies (D:8)
  A human zombie (D:8)
  4 hounds
  7 orc priests
  A jelly (D:7)
  A gnoll bouda (Lair:4)
  2 sleepcaps
  2 iguanas
  Terence (D:2)
  15 orc wizards
  4 hell rats (Lair:2)
  2 hound zombies (D:5)
  A mummy (D:8)
  7 adders
  18 gnolls
  3 shadow imps
  2 ufetubi (D:5)
  An adder zombie (D:5)
  4 dart slugs
  4 ribbon worms
  46 orcs
  3 ball pythons
  11 bats
  An endoplasm (D:1)
  2 giant cockroaches (D:2)
  12 goblins
  6 hobgoblins
  8 jackals
  7 kobolds
  2 quokkas (D:3)
  2 frilled lizards (D:1)
  4 kobold zombies (D:5)
  3 rats
521 creatures vanquished.

Vanquished Creatures (collateral kills)
  A vampire mosquito (D:14)
1 creature vanquished.

Vanquished Creatures (others)
  An orc priest (D:8)
  An orc (D:11)
  6 foxfires (D:14)
8 creatures vanquished.

Grand Total: 530 creatures vanquished

Notes
Turn   | Place    | Note
-------+----------+-------------------------------------------
     0 | D:1      | Kenran the Gargoyle Fighter began the quest for the Orb.
     0 | D:1      | Reached XP level 1. HP: 14/14 MP: 1/1
    39 | D:1      | You fall into a shaft and drop 1 floor!
    39 | D:2      | Found a faded altar of an unknown god.
    94 | D:2      | Reached skill level 2 in Axes
    94 | D:2      | Reached XP level 2. HP: 19/19 MP: 2/2
   210 | D:2      | Reached skill level 3 in Axes
   380 | D:2      | Noticed Terence
   401 | D:1      | Reached XP level 3. HP: 23/23 MP: 3/3
  1180 | D:2      | Found Gistoki's Book Emporium.
  1277 | D:2      | Killed Terence
  1278 | D:2      | Reached skill level 4 in Axes
  1278 | D:2      | Reached XP level 4. HP: 21/28 MP: 4/4
  1771 | D:3      | Found a shimmering blue altar of Sif Muna.
  1772 | D:3      | Found a bloodstained altar of Trog.
  1778 | D:3      | Became a worshipper of Trog the Wrathful
  1801 | D:3      | Noticed a scorpion
  1811 | D:3      | Killed a scorpion
  1812 | D:3      | Reached skill level 5 in Axes
  1812 | D:3      | Reached XP level 5. HP: 19/32 MP: 5/5
  1917 | D:3      | Identified the +11 short sword "Nengypt" {distort, Fly
                  | Will+ Int+3 SInv}
  2279 | D:3      | Found a runed translucent door.
  2280 | D:3      | Noticed Crazy Yiuf
  2695 | D:4      | Reached XP level 6. HP: 37/37 MP: 6/6
  2725 | D:5      | Entered Level 5 of the Dungeon
  2849 | D:4      | Reached skill level 6 in Axes
  2884 | D:4      | Noticed a black bear
  2898 | D:4      | Killed a black bear
  3001 | D:4      | Reached XP level 7. HP: 38/41 MP: 7/7
  3022 | D:4      | Found a transporter.
  3034 | D:4      | Reached * piety under Trog
  3096 | D:4      | Found a transporter.
  3099 | D:4      | Noticed HannaPanda's ghost (novice HOFi)
  3125 | D:4      | Found a broken altar of Ashenzari.
  3199 | D:4      | Found an ornate altar of the Wu Jian Council.
  3208 | D:4      | Found a hazy altar of Hepliaklqana.
  3254 | D:5      | Found an ancient bone altar of Kikubaaqudgha.
  3282 | D:5      | Reached skill level 7 in Axes
  3574 | D:5      | Reached skill level 8 in Axes
  3587 | D:5      | Reached XP level 8. HP: 48/48 MP: 8/8
  4100 | D:5      | Reached ** piety under Trog
  4258 | D:5      | Reached skill level 5 in Fighting
  4350 | D:6      | Reached skill level 9 in Axes
  4383 | D:6      | Found Maprarch's Armour Shoppe.
  4386 | D:6      | Identified a scroll of acquirement
  4387 | D:6      | Acquired the +2 pair of slick slippers {slick, slippery,
                  | EV+4}
  4387 | D:6      | Found the +2 pair of slick slippers {slick, slippery, EV+4}
  4407 | D:6      | Bought a +2 cloak of stealth for 279 gold pieces
  4569 | D:6      | Reached XP level 9. HP: 54/54 MP: 9/9
  4570 | D:6      | Reached skill level 10 in Axes
  4803 | D:6      | Found a sacrificial altar of Ru.
  4806 | D:6      | Identified the ring "Hengig" {Wiz +Blink rF- rC- Int+4}
  5031 | D:7      | Found a snail-covered altar of Cheibriados.
  5160 | D:7      | Noticed Menkaure
  5170 | D:7      | Killed Menkaure
  5326 | D:7      | Found a staircase to the Ecumenical Temple.
  5378 | D:7      | Reached *** piety under Trog
  5379 | D:7      | Reached skill level 5 in Armour
  5758 | D:8      | Found a white marble altar of Elyvilon.
  5778 | D:8      | Noticed a hornet
  5791 | D:8      | Killed a hornet
  5792 | D:8      | Reached XP level 10. HP: 54/63 MP: 10/10
  5947 | D:8      | Found a glowing silver altar of Zin.
  5979 | D:8      | Found an opulent altar of Gozag.
  6077 | D:8      | Found a transporter.
  6119 | D:8      | Found a transporter.
  6138 | D:8      | Found a transporter.
  6157 | D:8      | Found a transporter.
  6279 | D:8      | Reached skill level 11 in Axes
  6348 | D:8      | Reached **** piety under Trog
  6354 | D:8      | Found a basalt altar of Yredelemnul.
  6492 | D:9      | Found a staircase to the Lair.
  6505 | D:9      | Reached skill level 12 in Axes
  6524 | D:9      | Reached skill level 1 in Evocations
  7045 | D:9      | Reached XP level 11. HP: 69/69 MP: 11/11
  7183 | D:9      | Noticed a two-headed ogre
  7193 | D:9      | Killed a two-headed ogre
  7347 | D:10     | Entered Level 10 of the Dungeon
  7614 | D:10     | Reached ***** piety under Trog
  7663 | D:10     | Found an iron altar of Okawaru.
  7679 | D:10     | Found a runed translucent door.
  7729 | D:10     | Found a shimmering altar of Xom.
  7846 | D:10     | Noticed lilalause's ghost (journeyman HOMo)
  7846 | D:10     | Identified the +11 spear "Basust" {drain, rN+ Int-3 SInv}
  8183 | D:11     | Noticed Harold
  8194 | D:11     | Killed Harold
  8195 | D:11     | Reached skill level 13 in Axes
  8232 | D:11     | Found a gate leading to a gauntlet.
  8249 | Gauntlet | Entered a Gauntlet
  8249 | Gauntlet | Found a transporter.
  8249 | Gauntlet | Found a transporter.
  8253 | Gauntlet | Found a transporter.
  8253 | Gauntlet | Found a transporter.
  8261 | Gauntlet | Noticed a tengu warrior
  8262 | Gauntlet | Found a transporter.
  8276 | Gauntlet | Noticed a necromancer
  8281 | Gauntlet | Found a transporter.
  8287 | Gauntlet | Noticed an entropy weaver
  8289 | Gauntlet | Found a transporter.
  8289 | Gauntlet | Found a transporter.
  8290 | Gauntlet | Noticed a wolf spider
  8293 | Gauntlet | Found a transporter.
  8296 | Gauntlet | Noticed a fire crab
  8320 | Gauntlet | Found a transporter.
  8327 | Gauntlet | Found a transporter.
  8345 | Gauntlet | Found a transporter.
  8390 | Gauntlet | Found a transporter.
  8404 | Gauntlet | Found a transporter.
  8504 | Gauntlet | Found a transporter.
  8520 | Gauntlet | Found a transporter.
  8670 | D:11     | Noticed a cyan ugly thing
  8699 | Lair:1   | Entered Level 1 of the Lair of Beasts
  9640 | Lair:2   | Found a staircase to the Snake Pit.
  9712 | Lair:2   | Reached XP level 12. HP: 76/77 MP: 12/12
  9725 | Lair:2   | Reached skill level 10 in Fighting
  9866 | Lair:2   | Reached skill level 5 in Evocations
  9869 | Lair:2   | Reached skill level 14 in Axes
 10278 | Lair:2   | Found a staircase to the Swamp.
 10285 | Lair:2   | Received a gift from Trog
 11088 | Lair:3   | Reached skill level 15 in Axes
 11088 | Lair:3   | Reached skill level 10 in Armour
 11227 | Lair:3   | Reached XP level 13. HP: 75/82 MP: 13/13
 11847 | Lair:4   | Reached skill level 16 in Axes
 12327 | Lair:4   | Received a gift from Trog
 12518 | Lair:5   | Entered Level 5 of the Lair of Beasts
 13015 | Lair:5   | Found a viscous altar of Jiyva.
 13015 | Lair:5   | Found a staircase to the Slime Pits.
 13182 | Lair:5   | Gained mutation: Your large and strong wings let you fly.
                  | [Gargoyle growth]
 13182 | Lair:5   | Reached XP level 14. HP: 90/90 MP: 14/14
 13299 | Lair:5   | Reached skill level 5 in Shields
 13913 | D:11     | Received a gift from Trog
 14349 | D:12     | Found a staircase to the Orcish Mines.
 14357 | D:12     | Reached skill level 17 in Axes
 14386 | D:12     | Noticed Kirke
 14400 | D:12     | Killed Kirke
 14579 | D:12     | Found Weybb's Firing Range.
 15285 | D:13     | Noticed Sonja
 15307 | D:13     | Killed Sonja
 15335 | D:13     | Received a gift from Trog
 15595 | D:13     | Found a gate to the Vaults.
 16017 | D:13     | Reached XP level 15. HP: 99/99 MP: 15/15
 16699 | D:14     | Mangled by an enormous slime creature

Illustrated notes

Levels and vault maps discovered:
D:1:      ebering_trefoil_twist, layout_loops_ring, minmay_split_cup_large
D:2:      layout_loops_corners, serial_shops, nicolae_shop_trees,
          ebering_ecumenical_altar_webs, kennysheep_generic_room_10,
          uniq_terence
D:3:      layout_basic, hellmonk_overflow_destroyed_library,
          cheibrodos_sewer_entry_bend, uniq_crazy_yiuf_cottage
D:4:      layout_cave_pools, kennysheep_little_box, mainiacjoe_overflow_swirl,
          gammafunk_ghost_smash
D:5:      layout_basic, regret_index_kikubaaqudgha_part_by_part,
          grunt_ministairs_11, minivault_24
D:6:      layout_basic, nicolae_ru_path_of_blood, serial_shops, shop
D:7:      layout_basic, slow_altar_1, minmay_temple_entry_mist, uniq_menkaure
D:8:      layout_basic, pdpol_temple_overflow_zin_treasury_gozag_greed,
          lemuel_mausoleum_altar_yredelemnul, elyvilon_altar_3,
          nicolae_diode_intersection
D:9:      layout_basic, minmay_lair_entry_grove
D:10:     layout_basic, okawaru_humans, amcnicky_altar_gilded,
          ebering_ghost_funeral_grove
D:11:     layout_small_grid, gauntlet_entry_generic, kennysheep_generic_room_15,
          uniq_harold
D:12:     layout_grid_maze, david_orc_3, nicolae_shop_firing_range, uniq_kirke
D:13:     layout_long_grid, david_vaults_5, uniq_sonja
D:14:     layout_loops_cross, pond
Lair:1:   layout_cave_shapes
Lair:2:   layout_cave_pods, nicolae_swamp_entry_splash_gauntlet,
          guppyfry_snake_entry_island, beast_lair_carwin_4, grunt_megastairs_1
Lair:3:   layout_cave_pods, roderic_batcave, hibernation_bobbens
Lair:4:   layout_loops_ring, dreamdust_gnoll_shepherd
Lair:5:   evilmike_catoblepas_cave, layout_gridlike, slime_entry_1,
          serial_bayou_pond_d, eino_small_chamber_without_monster,
          lemuel_fruit_fields

Skill      XL: |  1  2  3  4  5  6  7  8  9 10 11 12 13 14 |
---------------+-------------------------------------------+-----
Axes           | 2 3 4 5 6 8 9 10 12 13 15 16 17 | 17.4
Fighting       | 5 7 8 9 10 11 13 | 13.5
Armour         | 6 8 10 11 12 | 12.5
Evocations     | 2 4 5 7 |  7.5
Shields        | 4 6 |  6.0

Action                     |  1- 3 |  4- 6 |  7- 9 | 10-12 | 13-15 || total
---------------------------+-------+-------+-------+-------+-------++-------
  Melee: War axe           |   116 |   147 |   393 |   712 |   596 ||  1964
         Short sword       |       |       |       |       |    16 ||    16
         Broad axe         |       |       |       |       |   303 ||   303
 Invoke: Berserk           |       |       |     5 |     3 |     3 ||    11
         Trog's Hand       |       |       |       |     1 |     1 ||     2
  Evoke: Box of beasts     |       |       |       |       |     1 ||     1
    Use: Scroll            |     3 |     1 |     4 |     4 |     9 ||    21
         Potion            |       |     3 |       |     1 |       ||     4
   Stab: Petrified         |       |       |       |       |     5 ||     5
         Distracted        |       |       |       |       |     1 ||     1
 Armour: Scale mail        |    80 |   178 |   297 |   104 |       ||   659
         Chain mail        |       |       |       |   101 |       ||   101
         Plate armour      |       |       |       |   287 |   793 ||  1080
  Dodge: Dodged            |    75 |   101 |   243 |   319 |   340 ||  1078
  Block: Buckler           |    27 |    35 |    72 |   107 |    23 ||   264
         Kite shield       |       |       |       |       |   327 ||   327
